 Dungeon Crawl Stone Soup version 0.28-a0-1404-g4df0f3684d (webtiles) character file.

Game seed: 15790407508286363110

81 fragbeetle the Insei (level 4, -9/36 HPs)
             Began as a Draconian Transmuter on Jan 5, 2022.
             Killed by divine providence
             ... invoked by an orc priest
              (13 damage)
             ... on level 3 of the Dungeon.
             The game lasted 00:05:14 (3134 turns).

fragbeetle the Insei (Draconian Transmuter)         Turns: 3134, Time: 00:05:15

Health: -9/36      AC:  7    Str: 13    XL:     4   Next: 20%
Magic:  7/7        EV: 12    Int: 19    God:
Gold:   63         SH:  0    Dex: 13    Spells: 3/7 levels left

rFire   . . .      SeeInvis .     - Unarmed
rCold   . . .      Faith    .   (no shield)
rNeg    . . .      Spirit   .   (armour unavailable)
rPois   .          Reflect  .   (helmet currently unavailable)
rElec   .          Harm     .   k - +1 cloak
rCorr   .          Rampage  .   (no gloves)
Will    .....                   (boots currently unavailable)
Stlth   +.........              (no amulet)
HPRegen 0.12/turn               j - +6 ring of intelligence
MPRegen 0.10/turn               (no ring)

@: appendages
A: horns 2, talons 2, AC +5, unfitting armour, cold-blooded
a: End Transformation


You were on level 3 of the Dungeon.
You had temporarily grown beastly horns and talons.
You visited 1 branch of the dungeon, and saw 3 of its levels.

You collected 63 gold pieces.

Inventory:

Missiles
 c - 28 sling bullets
 e - 61 stones
 n - 12 poisoned darts
Armour
 k - a +1 cloak (worn)
Jewellery
 j - a +6 ring of intelligence (left hand)
Scrolls
 b - a scroll of noise {unknown}
 f - a scroll of summoning {unknown}
 g - a scroll of amnesia {unknown}
 h - 4 scrolls of identify {unknown}
 i - a scroll of immolation {unknown}
 o - a scroll of teleportation {unknown}
Potions
 a - a potion of heal wounds {unknown}
 d - a potion of degeneration {unknown}
 l - a potion of might {unknown}
 m - a potion of curing {unknown}


   Skills:
 + Level 2.0 Fighting
 + Level 2.2 Dodging
 * Level 3.6 Unarmed Combat
 - Level 2.0 Spellcasting
 * Level 3.0 Transmutations
 + Level 0.6 Poison Magic


You had 3 spell levels left.
You knew the following spells:

 Your Spells              Type           Power      Damage    Failure   Level
a - Beastly Appendage     Tmut           26%        N/A       4%          1
b - Spider Form           Tmut/Pois      8%         N/A       24%         3

Your spell library contained the following spells:

 Spells                   Type           Power      Damage    Failure   Level
 Wereblood                Tmut           13%        N/A       8%          2
 Ice Form                 Ice/Tmut       7%         N/A       65%         4


Dungeon Overview and Level Annotations

Branches:
Dungeon (3/15)

Altars:
Nemelex Xobeh

Shops:
D:2 [


Innate Abilities, Weirdness & Mutations

You have temporarily grown beastly horns and talons.
Your plain brown scales are hard. (AC +5)
You cannot fit into any form of body armour.
You are cold-blooded and may be slowed by cold attacks.


Message History

An orc comes into view. It is wielding a +0 flail.
The orc shouts!
Casting: Beastly Appendage (safe; 4% risk of failure)
Confirm with . or Enter, or press ? or * to list all spells.
You grow a pair of large bovine horns.
Your feet morph into talons.
An orc priest comes into view. It is wielding a +0 trident.
You barely miss the orc. You claw the orc, but do no damage.
The orc closely misses you.
You closely miss the orc. You claw the orc, but do no damage.
The orc priest calls down the wrath of Beogh upon you.
Beogh smites you! The orc hits you with a +0 flail!
You closely miss the orc. Your headbutt misses the orc.
The orc hits you with a +0 flail.
You hit the orc but do no damage. The orc hits you with a +0 flail.
You barely miss the orc.
You tail-slap the orc, but do no damage.
The orc priest casts a cantrip, but nothing happens.
The orc barely misses you.
You hit the orc. You claw the orc, but do no damage.
The orc is moderately wounded.
You hit the orc.
The orc is heavily wounded.
The orc closely misses you.
The orc priest mumbles some strange prayers to Beogh against you.
Beogh smites you!
* * * LOW HITPOINT WARNING * * *
You hit the orc but do no damage. Your kick misses the orc.
The orc is heavily wounded.
The orc barely misses you.
You hit the orc but do no damage. You claw the orc, but do no damage.
The orc is heavily wounded.
The orc hits you with a +0 flail.
* * * LOW HITPOINT WARNING * * *
You hit the orc. You headbutt the orc.
You kill the orc!
The orc priest looks satisfied for a moment.
You hit the orc but do no damage. The orc hits you but does no damage.
The orc priest mumbles some strange prayers to Beogh against you.
Beogh smites you!
You die...

##...## #.# #.#....# ##.....##
#.## #.#....# ##.......##
#..##### #.#....#
#.........####......####.#.#...
##.........+....................
#≈.........####...##.####.......
§≈#.......## ##.###.# ######.#
####.....###########.# #.#
##...## #o.o@...#.# #.# ##'##
#.#####.#.# #.# #.# #.#.## #.#
#.# ####..#.## #.# ##.##
#....###.# ##...## # #.##..#.##
###.....###.##.##.#.##
..........##.......###
######.##.#####.####


You could see an orc priest and an orc.

Vanquished Creatures
  2 adders (D:2)
  2 worms (D:2)
  An orc (D:3)
  5 ball pythons
  5 endoplasms
  5 giant cockroaches
  5 hobgoblins
  4 jackals (D:2)
  8 kobolds
  4 bats
  A frilled lizard (D:3)
  5 goblins
  2 rats (D:1)
49 creatures vanquished.

Notes
Turn   | Place    | Note
-------+----------+-------------------------------------------
     0 | D:1      | fragbeetle the Draconian Transmuter began the quest for the
                  | Orb.
     0 | D:1      | Reached XP level 1. HP: 16/16 MP: 3/3
   308 | D:1      | Reached XP level 2. HP: 22/23 MP: 3/5
   327 | D:1      | You fall into a shaft and drop 1 floor!
   675 | D:2      | Reached XP level 3. HP: 28/28 MP: 4/6
   679 | D:2      | Learned a level 3 spell: Spider Form
  1265 | D:2      | Found Cith's Armour Emporium.
  1756 | D:2      | Found a faded altar of an unknown god.
  2415 | D:1      | Reached XP level 4. HP: 36/36 MP: 5/7
  2938 | D:3      | Found a sparkling altar of Nemelex Xobeh.
  3134 | D:3      | Killed from afar by an orc priest

Illustrated notes

Levels and vault maps discovered:
D:1:      lemuel_arrival_lava_pool, layout_basic
D:2:      layout_loops_ring, serial_co_window_serial, co_window_paths_a,
          co_window_of_opportunity_a, co_window_corner_a, co_window_corner_a,
          co_window_paths_a, co_window_broadway_a, co_window_corner_ca,
          co_window_unsneaky_path_b, co_window_corner_ca, co_window_paths_d,
          co_window_4corner_b, glass_columns_b, glass_columns_a,
          glass_columns_a, basic_ecumenical_altar, serial_shops, shop,
          kennysheep_nondescript
D:3:      layout_loops_corners, mainiacjoe_overflow_24_doors,
          lightli_temple_of_fire, uniq_ijyb

Skill      XL: |  1  2  3  4 |
---------------+-------------+-----
Dodging        | 2 |  2.2
Transmutations | 3 |  3.0
Fighting       | 2 |  2.0
Unarmed Combat | |  3.6
Spellcasting   | |  2.0
Poison Magic   | |  0.6

Action                   |  1- 3 |  4- 6 || total
-------------------------+-------+-------++-------
Melee: Unarmed           |    98 |    29 ||   127
       Kick              |    17 |     7 ||    24
       Headbutt          |    15 |     2 ||    17
       Tailslap          |     6 |     1 ||     7
       Punch             |     2 |       ||     2
 Cast: Beastly Appendage |    26 |    10 ||    36
 Stab: Sleeping          |     1 |     2 ||     3
Armor: Skin              |    23 |     6 ||    29
Dodge: Dodged            |    61 |    11 ||    72

Table legend: (Time is in decaauts)
 A = Elapsed time spent in this place.
 B = Non-inter-level travel time spent in this place.
 C = Inter-level travel time spent in this place.
 D = Time resting spent in this place.
 E = Time spent auto-exploring this place.
 F = Levels seen in this place.
 G = Mean time per level.
                   A        B        C        D        E       F      G
               +--------+--------+--------+--------+--------+-----+--------+
         Total |   3127 |   2988 |    139 |    447 |   2000 |   3 | 1042.3 |
       Dungeon |   3127 |   2988 |    139 |    447 |   2000 |   3 | 1042.3 |
               +--------+--------+--------+--------+--------+-----+--------+

Top non-repeatable levels by time:
     D:2: 1898 daAuts
     D:1: 911 daAuts
     D:3: 317 daAuts
